 Dungeon Crawl Stone Soup version 0.29-a0-468-ge57f7f99b4 (webtiles) character file.

Game seed: 10274949078283369909

126 dabmancer the Magician (level 4, -2/21 HPs)
             Began as a Spriggan Hedge Wizard on May 21, 2022.
             Slain by an adder (3 damage)
             ... in a sewer.
             The game lasted 00:13:47 (3685 turns).

dabmancer the Magician (Spriggan Hedge Wizard)      Turns: 3685, Time: 00:13:52

Health: -2/21      AC:  3    Str:  6    XL:     4   Next: 84%
Magic:  12/12      EV: 17    Int: 17    God:
Gold:   161        SH:  0    Dex: 14    Spells: 9/14 levels left

rFire   . . .      SeeInvis +   a - +0 dagger
rCold   . . .      Faith    .   (no shield)
rNeg    . . .      Spirit   .   m - +1 robe {Will+}
rPois   .          Reflect  .   c - +0 hat
rElec   .          Harm     .   (no cloak)
rCorr   .          Rampage  .   (gloves unavailable)
Will    +....                   (boots unavailable)
Stlth   +.........              t - amulet of magic regeneration
HPRegen 0.07/turn               (no ring)
MPRegen 0.53/turn               (no ring)

@: lethally poisoned (-2 -> -15), slow
A: very small, no large weapons, unfitting armour, see invisible, speed 3
a: no special abilities


You were in a sewer.
You visited 1 branch of the dungeon, and saw 4 of its levels.
You also visited: Sewer.

You collected 161 gold pieces.

Inventory:

Hand Weapons
 a - a +0 dagger (weapon)
 u - a +0 hand axe
Missiles
 f - 5 curare-tipped darts
 l - 20 stones
Armour
 b - a +0 robe
 c - a +0 hat (worn)
 m - a +1 robe of willpower (worn)
 v - a +2 leather armour of cold resistance
 w - the +0 pair of gloves of Joinowas {Rampage rPois rCorr}
   (You found it on level 3 of the Dungeon)

   rPois:     It protects you from poison.
   rCorr:     It protects you from acid and corrosion.
   Rampage:   It bestows one free step when moving towards enemies.
 x - a +0 robe
 y - a +0 robe
Jewellery
 g - an amulet of magic regeneration
 t - an amulet of magic regeneration (around neck)
Scrolls
 e - a scroll of magic mapping {unknown}
 h - 4 scrolls of identify {unknown}
 i - 2 scrolls of amnesia {unknown}
 n - a scroll of noise {unknown}
 r - a scroll of poison {unknown}
Potions
 d - a potion of magic
 j - a potion of attraction {unknown}
 k - 2 potions of curing {unknown}
 o - a potion of cancellation {unknown}
 p - a potion of degeneration {unknown}
 q - a potion of brilliance {unknown}
 s - a potion of mutation {unknown}
 z - a potion of resistance {unknown}
 A - 4 potions of flight


   Skills:
 + Level 3.5 Dodging
 + Level 3.2 Stealth
 + Level 5.9 Spellcasting
 + Level 1.7 Conjurations
 + Level 0.7 Summonings
 + Level 1.5 Translocations


You had 9 spell levels left.
You knew the following spells:

 Your Spells              Type           Power      Damage    Failure   Level
a - Magic Dart            Conj           44%        1d5       6%          1
b - Blink                 Tloc           20%        N/A       11%         2
c - Call Imp              Summ           7%         N/A       14%         2

Your spell library contained the following spells:

 Spells                   Type           Power      Damage    Failure   Level
 Slow                     Hex            20%        N/A       13%         1
 Conjure Flame            Conj/Fire      8%         6-21      26%         3
 Mephitic Cloud           Conj/Pois/Air  7%         N/A       30%         3


Dungeon Overview and Level Annotations

Branches:
Dungeon (4/15)              Sewer (1/1)
 Temple: D:4-7

Altars:


Innate Abilities, Weirdness & Mutations

You are very small and have problems with some larger weapons.
You are too small for most types of armour.
You have supernaturally acute eyesight. (SInv)
You cover ground extremely quickly. (Speed+++)


Message History

You now have 138 gold pieces (gained 10).
You now have 144 gold pieces (gained 6).
You now have 161 gold pieces (gained 17).
There is a large open door here.
You open the large door. 3 adders come into view.
You enter the shallow water.
Moving in this stuff is going to be slow.
The adder hisses angrily.
You hear an angry hiss. x2
The adder misses you. The adder barely misses you.
The adder closely misses you. The adder barely misses you.
The adder attacks as you move away! The adder bites you.
The adder closely misses you. The adder attacks as you move away!
The adder closely misses you. The adder completely misses you. x2
The adder closely misses you. The adder bites you but does no damage.
The adder completely misses you. The adder bites you. x2
You are poisoned.
The adder poisons you!
You enter the shallow water.
Moving in this stuff is going to be slow.
You feel sick.
You feel sick. The adder closely misses you.
You enter the shallow water.
Moving in this stuff is going to be slow.
You feel sick. The adder attacks as you move away!
The adder closely misses you.
You feel sick. The adder closely misses you. The adder bites you.
You are lethally poisoned!
The adder poisons you! The adder attacks as you move away! The adder bites you.
* * * LOW HITPOINT WARNING * * *
You are more poisoned.
The adder poisons you!
* * * LOW HITPOINT WARNING * * *
You feel very sick. The adder bites you.
You die...

#≈≈≈≈≈≈≈≈≈≈≈≈≈≈≈≈
#≈≈†≈≈≈≈≈≈≈≈≈≈≈≈≈
#.≈≈####≈≈####≈≈≈
#≈≈.# #≈≈# ≈.
#≈≈≈# #≈≈# ≈
#≈≈.####.≈###
#≈≈≈##.#..#.#
#.SS##.'.S'.#
#.≈@##.'..'.#
#≈≈≈##.#..#.#
#≈≈≈####..###
#≈≈≈# #..# #≈≈≈#
#..# #†≈≈# #..#
#≈≈≈# +..+ #≈≈.#
+..+ #≈≈≈#


You could see 2 adders.

Vanquished Creatures
  2 river rats
  4 adders
  2 worms
  A dart slug (D:3)
  An orc (D:3)
  7 endoplasms
  3 giant cockroaches
  4 goblins
  5 hobgoblins
  2 jackals (D:3)
  2 kobolds (D:3)
  A quokka (D:2)
  11 ball pythons
  8 bats
  4 frilled lizards
  6 rats (D:1)
63 creatures vanquished.

Vanquished Creatures (others)
  7 plants (D:4)
7 creatures vanquished.

Grand Total: 70 creatures vanquished

Notes
Turn   | Place    | Note
-------+----------+-------------------------------------------
     0 | D:1      | dabmancer the Spriggan Hedge Wizard began the quest for the
                  | Orb.
     0 | D:1      | Reached XP level 1. HP: 9/9 MP: 6/6
   549 | D:1      | Reached XP level 2. HP: 13/13 MP: 3/8
   762 | D:1      | Found a faded altar of an unknown god.
  1031 | D:1      | Learned a level 2 spell: Blink
  1034 | D:1      | Learned a level 2 spell: Call Imp
  1127 | D:2      | Reached skill level 5 in Spellcasting
  1489 | D:2      | Reached XP level 3. HP: 16/16 MP: 8/10
  1904 | D:3      | Reached skill level 1 in Conjurations
  2090 | D:3      | Identified the +0 pair of gloves of Joinowas {Rampage rPois
                  | rCorr}
  2437 | D:3      | Reached XP level 4. HP: 13/21 MP: 3/12
  3422 | D:4      | Found a glowing drain.
  3431 | Sewer    | Entered a sewer
  3685 | Sewer    | HP: 1/21 [poisoned by an adder]
  3685 | Sewer    | Slain by an adder

Illustrated notes

Levels and vault maps discovered:
D:1:      heliophobic_arrival_enchanted_forest, layout_loops_ring,
          shapermc_ecumenical_altar_starsandcircs, minmay_fountain_box
D:2:      layout_basic
D:3:      layout_loops_ring
D:4:      layout_basic, cheibrodos_sewer_entry_sluice, nrook_campfire,
          chequers_serial_rivers_micro_d, serial_bayou_lagoon_a
Sewer:    sewer_fruit_machine

Skill      XL: |  1  2  3 |
---------------+----------+-----
Dodging        | 3 |  3.5
Spellcasting   | 5 |  5.9
Conjurations   | 1 |  1.7
Stealth        | |  3.2
Summonings     | |  0.7
Translocations | |  1.5

Action                   |  1- 3 |  4- 6 || total
-------------------------+-------+-------++-------
Melee: Dagger            |     9 |     2 ||    11
 Cast: Magic Dart        |   144 |    87 ||   231
Armor: Robe              |     3 |     5 ||     8
Dodge: Dodged            |    32 |    31 ||    63

Table legend: (Time is in decaauts)
 A = Elapsed time spent in this place.
 B = Non-inter-level travel time spent in this place.
 C = Inter-level travel time spent in this place.
 D = Time resting spent in this place.
 E = Time spent auto-exploring this place.
 F = Levels seen in this place.
 G = Mean time per level.
                   A        B        C        D        E       F      G
               +--------+--------+--------+--------+--------+-----+--------+
         Total |   2856 |   2829 |     27 |    892 |   1281 |   5 |  571.2 |
       Dungeon |   2606 |   2579 |     27 |    892 |   1129 |   4 |  651.5 |
         Sewer |    249 |    249 |      0 |      0 |    152 |   1 |  249.0 |
               +--------+--------+--------+--------+--------+-----+--------+

Top non-repeatable levels by time:
     D:3: 1189 daAuts
     D:1: 848 daAuts
     D:2: 488 daAuts
   Sewer: 249 daAuts
     D:4: 79 daAuts
